 Dungeon Crawl Stone Soup version 0.31-a0-441-g867994ef1c (webtiles) character file.

Game seed: 4468563609146669686

43961 jlumianski the Fighter (level 14, -2/107 HPs)
             Began as a Djinni Fire Elementalist on Aug 2, 2023.
             Was the Champion of Makhleb.
             Engulfed by a cloud of spectral mist (14 damage)
             ... on level 3 of the Lair of Beasts.
             The game lasted 02:26:25 (20756 turns).

jlumianski the Fighter (Djinni Fire Elementalist)  Turns: 20756, Time: 02:26:26

Health: -2/107     AC:  8    Str:  6    XL:     14   Next: 63%
Gold:   982        EV: 21    Int: 25    God:    Makhleb [******] SH:  0 Dex: 20

rFire   + + .        n - +5 scimitar (flame)
rCold   x . .        (no shield)
rNeg    . . .        l - +0 leather armour
rPois   ∞            f - +0 helmet
rElec   .            z - +2 cloak
rCorr   .            (no gloves)
SInv    .            (boots unavailable)
Will    ++...        (no amulet)
Stlth   ++++         x - +6 ring of dexterity
HPRegen 0.37/turn    A - +5 ring of evasion
MPRegen 0.00/turn

%: clarity, infuse magic (-3 HP)
@: flying
A: sickness immunity, fire resistance 2, cold vulnerability 1, float, innate
caster, HP casting, extra vitality 1, clarity, clever 1, strong-willed 1, shaggy
fur 1
a: Renounce Religion, Minor Destruction, Lesser Servant of Makhleb, Major
Destruction, Greater Servant of Makhleb


You were on level 3 of the Lair of Beasts.
You worshipped Makhleb.
Makhleb was exalted by your worship.
You visited 3 branches of the dungeon, and saw 20 of its levels.

You collected 982 gold pieces.

Inventory:

Hand Weapons
 g - a +2 long sword of holy wrath
 h - a +2 sling of freezing
 n - a +5 scimitar of flaming (weapon)
 E - a +0 broad axe
 N - the +2 falchion of the Valley {antimagic, Dex+2}
   (You found it on level 2 of the Lair of Beasts)

   Dex:       It affects your dexterity (+2).
Missiles
 a - 5 javelins
 i - 24 poisoned darts
 s - 2 throwing nets
 D - 20 boomerangs
 H - 6 curare-tipped darts
Armour
 f - a +0 helmet (worn)
 l - a +0 leather armour (worn)
 w - the +3 hat of Pondering {ponderous, Will+ MP+10 Int+5}
   (You took it off Gastronok on level 11 of the Dungeon)

   Int:       It affects your intelligence (+5).
   MP:        It affects your magic capacity (+10).
   Will:      It increases your willpower.
 z - a +2 cloak (worn)
 C - a +0 pair of gloves
Magical Staves
 j - a staff of fire
 R - a staff of air
Jewellery
 c - a ring of ice
 x - a +6 ring of dexterity (left hand)
 A - a +5 ring of evasion (right hand)
 P - a ring of ice
Wands
 e - a wand of polymorph (5)
 v - a wand of light (20)
 B - a wand of digging (5)
 F - a wand of paralysis (5)
 J - a wand of roots (10)
 K - a wand of flame (21)
 L - a wand of mindburst (16)
Scrolls
 k - a scroll of blinking
 p - 2 scrolls of fear
 q - 4 scrolls of teleportation
 y - a scroll of enchant armour {unknown}
 O - a scroll of fog {unknown}
 Q - a scroll of poison {unknown}
Potions
 b - a potion of curing
 d - 3 potions of heal wounds
 m - 4 potions of attraction
 o - 2 potions of brilliance
 r - 2 potions of might
 t - 2 potions of berserk rage
 u - 3 potions of enlightenment
 G - a potion of haste
 I - a potion of mutation
 M - a potion of lignification {unknown}


   Skills:
 * Level 12.1 Fighting
 + Level 2.1(5.1) Short Blades
 + Level 7.3(7.5) Long Blades
 - Level 1.2 Armour
 + Level 8.4 Dodging
 + Level 6.8 Stealth
 + Level 0.2 Unarmed Combat
 * Level 10.9 Spellcasting
 * Level 10.9 Conjurations
 * Level 10.9 Hexes
 * Level 10.9 Summonings
 * Level 10.9 Necromancy
 * Level 10.9 Translocations
 * Level 10.9 Transmutations
 * Level 10.9 Fire Magic
 * Level 10.9 Ice Magic
 * Level 10.9 Air Magic
 * Level 10.9 Earth Magic
 * Level 10.9 Poison Magic
 * Level 9.5 Invocations


You knew the following spells:

 Your Spells              Type           Power      Damage    Failure   Level
a - Foxfire               Conj/Fire      100%       2x1d9     1%          1
b - Scorch                Fire           100%       2d9       1%          2
c - Volatile Blastmotes   Fire/Tloc      100%       2d18      1%          3
d - Inner Flame           Hex/Fire       62%        N/A       1%          3
e - Flame Wave            Conj/Fire      62%        2d14      1%          4
f - Summon Small Mammal   Summ           100%       N/A       1%          1
g - Blink                 Tloc           100%       N/A       1%          2
h - Poisonous Vapours     Pois/Air       100%       N/A       1%          2
i - Gell's Gravitas       Tloc           62%        N/A       1%          3
j - Lee's Rapid Deconstr  Erth           31%        3d16*     2%          5
k - Summon Mana Viper     Hex/Summ       62%        N/A       2%          5
Your spell library was empty.

Dungeon Overview and Level Annotations

Branches:
Dungeon (14/15)            Temple (1/1) D:4            Lair (5/5) D:10
  Snake (0/4) Lair:3          Orc (0/2) D:10
  Swamp: Lair:2-3    Shoals: Lair:2-3     Slime: Lair:4-5    Vaults: D:13-14

Altars:
Ashenzari
Cheibriados
Dithmenos
Elyvilon
Fedhas
Gozag
Hepliaklqana
Makhleb
Nemelex Xobeh
Okawaru
Qazlal
Ru
Trog
Uskayaw
Wu Jian
Xom
Yredelemnul
Zin
The Shining One

Annotations:
D:13 Erolcha


Innate Abilities, Weirdness & Mutations

You are immune to sickness and miasma.
You are immune to poison.
Your flesh is very heat resistant. (rF++)
You are vulnerable to cold. (rC-)
You float through the air rather than walking.
You learn spells naturally, not from books.
Your magical power is your life essence.
You have superior vitality. (+4 MHP)
You possess an exceptional clarity of mind.
Your mind is acute. (Int +4, Str/Dex -1)
You are strong-willed. (Will+)
You are covered in fur. (AC +1)


Message History

* * * LOW HITPOINT WARNING * * *
Casting: Flame Wave (mildly dangerous; 1% risk of failure)
Confirm with . or Enter, or press ? or * to list all spells.
You blink.
* * * LOW HITPOINT WARNING * * *
The spectral catoblepas fades away!
The ghost crab breathes spectral mist at you.
The spectral mist engulfs you but does no damage.
The spectral wyvern completely misses you.
Casting: Blink (safe; 1% risk of failure)
Confirm with . or Enter, or press ? or * to list all spells.
Aiming: Lee's Rapid Deconstruction (dangerous; 2% risk of failure)
Press: ? - help, Dir - move target A rock wall.
The wall shatters!
The blast of rock fragments hits the ghost crab!!
You destroy the ghost crab!
Makhleb accepts your kill.
You feel better.
* * * LOW HITPOINT WARNING * * *
You are engulfed in spectral mist.
* * * LOW HITPOINT WARNING * * *
The spectral wyvern bites you but does no damage.
You hit the spectral wyvern. You burn the spectral wyvern.
The spectral wyvern is almost destroyed.
You are engulfed in spectral mist.
* * * LOW HITPOINT WARNING * * *
The spectral wyvern completely misses you.
The spectral wyvern bites you but does no damage.
Casting: Lee's Rapid Deconstruction (dangerous; 2% risk of failure)
Confirm with . or Enter, or press ? or * to list all spells.
Flames lash the spectral wyvern.
You destroy the spectral wyvern!
Makhleb accepts your kill.
You feel better.
* * * LOW HITPOINT WARNING * * *
You are engulfed in spectral mist.
* * * LOW HITPOINT WARNING * * *
You are engulfed in spectral mist.
You die...

##### ######## ♣♣ ....###
#....... ♣♣~.♣♣
....#.###.....##
♣.~...♣♣♣○..............
♣~.☼@§...#####.......
♣..○☼§...# #..##.##
♣♣....☼#### #..#..##
♣~.~.☼☼☼.§# #..##..#
....♣~☼#°#.# #.#.####
♣~.♣♣♣~####.# #..##.#. ♣♣♣
######.# ##..#..##
############P..###...##..#
#.........#.....##.##.##..


There were no monsters in sight!

Vanquished Creatures
  Gastronok (D:11)
  2 hydras
  Erica (D:11)
  A ghost crab (Lair:3)
  6 two-headed ogres
  2 boulder beetles (D:12)
  The ghost of TheSexyCheese the Destroyer, a journeyman GrFE of Vehumet (Lair:2)
  Sonja (D:11)
  Pikel (D:6)
  A deep elf pyromancer (D:11)
  A wolf spider (D:10)
  A cyclops (D:11)
  2 manticores
  Maurice (D:11)
  2 moths of wrath (Lair:2)
  5 black mambas
  3 cane toads (Lair:1)
  An unseen horror (D:11)
  A rime drake (Lair:2)
  9 komodo dragons
  2 kobold demonologists
  Psyche (D:10)
  A spectral skyshark (Lair:3)
  A troll (D:10)
  A polar bear (Lair:3)
  Prince Ribbit (D:6)
  28 blink frogs
  A spectral black mamba (Lair:3)
  5 spriggans (Lair:2)
  2 shadows
  4 wyverns
  A wraith (D:10)
  A spectral fire crab (Lair:3)
  35 yaks
  A basilisk (Lair:3)
  A steam dragon (D:10)
  7 vampire mosquitoes
  2 wargs (D:10)
  3 acid dragons
  16 water moccasins
  Duvessa (D:6)
  A swamp drake (Lair:1)
  A spectral polar bear (Lair:3)
  2 black bears
  9 orc warriors
  An ice beast (D:6)
  2 sky beasts
  3 ogres
  7 wolves
  4 centaurs
  A phantom (D:6)
  3 kobold brigands
  A spectral wyvern (Lair:3)
  4 scorpions
  17 bullfrogs
  2 gnoll sergeants
  5 wights (D:6)
  Dowan (D:6)
  16 killer bees
  An electric eel (Lair:1)
  5 jellies
  2 hounds
  2 gnoll boudas
  4 orc priests
  12 iguanas
  21 orc wizards
  Natasha (twice) (D:3)
  21 gnolls
  7 adders
  2 shadow imps
  2 white imps
  2 ufetubi
  2 worms (D:2)
  3 dart slugs
  54 orcs
  7 bats
  7 endoplasms
  A giant cockroach (D:2)
  10 goblins
  9 hobgoblins
  10 jackals
  16 kobolds
  5 quokkas
  8 ball pythons
  26 frilled lizards
  3 rats
  2 butterflies
484 creatures vanquished.

Vanquished Creatures (collateral kills)
  A cyclops (D:12)
  A komodo dragon (Lair:2)
  A troll (D:12)
  A polar bear (Lair:2)
  A hornet (Lair:2)
  A bullfrog (Lair:2)
  A lava snake (Lair:4)
  An adder (D:3)
  2 orcs
  A ball python (D:3)
  2 butterflies (Lair:2)
  A foxfire (Lair:3)
14 creatures vanquished.

Vanquished Creatures (others)
  An orc wizard (D:5)
  436 foxfires
437 creatures vanquished.

Grand Total: 935 creatures vanquished

Notes
Turn   | Place    | Note
-------+----------+-------------------------------------------
     0 | D:1      | jlumianski the Djinni Fire Elementalist began the quest for
                  | the Orb.
     0 | D:1      | jlumianski set off with the following spells memorised:
                  | Foxfire, Scorch, Volatile Blastmotes, Inner Flame, Flame
                  | Wave.
     0 | D:1      | Reached XP level 1. HP: 15/15 MP: 0/0
     8 | D:2      | Reached XP level 2. HP: 16/21 MP: 0/0
    77 | D:1      | Reached XP level 3. HP: 20/25 MP: 0/0
    77 | D:1      | Learned a level 1 spell: Summon Small Mammal
   554 | D:1      | Reached XP level 4. HP: 29/31 MP: 0/0
   774 | D:3      | Noticed Natasha
   778 | D:3      | Killed Natasha
   911 | D:2      | Reached XP level 5. HP: 34/35 MP: 0/0
   911 | D:2      | Learned a level 2 spell: Blink
  1428 | D:2      | Found a faded altar of an unknown god.
  1788 | D:3      | Noticed Natasha
  1792 | D:3      | Killed Natasha
  1793 | D:3      | Reached skill level 1 in Short Blades
  1998 | D:4      | Noticed an ogre
  2003 | D:4      | Killed an ogre
  2004 | D:4      | Reached skill level 1 in Fighting
  2004 | D:4      | Reached XP level 6. HP: 22/42 MP: 0/0
  2488 | D:5      | Entered Level 5 of the Dungeon
  2832 | D:4      | Reached XP level 7. HP: 19/47 MP: 0/0
  2832 | D:4      | Learned a level 2 spell: Poisonous Vapours
  3218 | D:4      | Found a staircase to the Ecumenical Temple.
  3233 | Temple   | Entered the Ecumenical Temple
  3414 | D:4      | Found a burning altar of Makhleb.
  3416 | D:4      | Noticed a blizzard demon
  3420 | D:4      | Noticed an orange demon
  3420 | D:4      | Noticed a smoke demon
  3422 | D:4      | Became a worshipper of Makhleb the Destroyer
  3628 | D:5      | Reached skill level 5 in Spellcasting
  3628 | D:5      | Reached skill level 5 in Conjurations
  3628 | D:5      | Reached skill level 5 in Hexes
  3628 | D:5      | Reached skill level 5 in Summonings
  3628 | D:5      | Reached skill level 5 in Necromancy
  3628 | D:5      | Reached skill level 5 in Translocations
  3628 | D:5      | Reached skill level 5 in Transmutations
  3628 | D:5      | Reached skill level 5 in Fire Magic
  3628 | D:5      | Reached skill level 5 in Ice Magic
  3628 | D:5      | Reached skill level 5 in Air Magic
  3628 | D:5      | Reached skill level 5 in Earth Magic
  3628 | D:5      | Reached skill level 5 in Poison Magic
  3685 | D:5      | Reached skill level 1 in Long Blades
  3685 | D:5      | Reached XP level 8. HP: 46/52 MP: 0/0
  4673 | D:5      | Reached skill level 2 in Fighting
  4673 | D:5      | Reached skill level 1 in Invocations
  4966 | D:7      | Noticed Prince Ribbit
  5077 | D:6      | Killed Prince Ribbit
  5078 | D:6      | Reached XP level 9. HP: 10/59 MP: 0/0
  5078 | D:6      | Learned a level 3 spell: Gell's Gravitas
  5320 | D:6      | Reached * piety under Makhleb
  5329 | D:6      | Reached skill level 3 in Fighting
  5781 | D:6      | Reached skill level 5 in Dodging
  6144 | D:7      | Noticed Pikel
  6372 | D:6      | Reached skill level 5 in Stealth
  6388 | D:6      | Reached skill level 4 in Fighting
  6519 | D:6      | Noticed a manticore
  6746 | D:6      | Killed a manticore
  6747 | D:6      | Reached XP level 10. HP: 47/69 MP: 0/0
  6901 | D:6      | Killed Pikel
  7050 | D:7      | Reached skill level 5 in Fighting
  7143 | D:8      | Found a stormy altar of Qazlal.
  7160 | D:7      | Noticed Dowan
  7216 | D:7      | You are sucked into a shaft and drop 3 floors!
  7216 | D:10     | Entered Level 10 of the Dungeon
  7289 | D:10     | Noticed Psyche
  7393 | D:9      | Noticed a +0 dagger
  7393 | D:9      | Noticed a +0 dagger
  7394 | D:9      | Found a hide-covered altar of Uskayaw.
  7464 | D:7      | Noticed Duvessa
  7569 | D:6      | Killed Dowan
  7572 | D:6      | Killed Duvessa
  7572 | D:6      | Reached ** piety under Makhleb
  7923 | D:7      | Gained mutation: You are strong-willed. (Will+) [potion of
                  | mutation]
  7923 | D:7      | Gained mutation: You have hidden genetic potential. [potion
                  | of mutation]
  7923 | D:7      | Gained mutation: You possess an exceptional clarity of
                  | mind. [potion of mutation]
  7938 | D:7      | Found a white marble altar of Elyvilon.
  8285 | D:9      | Reached skill level 5 in Invocations
  9668 | D:9      | Reached skill level 1 in Armour
  9851 | D:9      | Reached *** piety under Makhleb
  9852 | D:9      | Reached XP level 11. HP: 73/76 MP: 0/0
  9852 | D:9      | Learned a level 5 spell: Lee's Rapid Deconstruction
 10211 | D:9      | Reached skill level 6 in Fighting
 10296 | D:9      | Found an opulent altar of Gozag.
 10503 | D:10     | Found a staircase to the Lair.
 10539 | D:10     | Noticed a two-headed ogre
 10552 | D:10     | Killed a two-headed ogre
 10569 | D:10     | Gained mutation: You are covered in fur. (AC +1) [hidden
                  | potential]
 10845 | D:10     | Reached skill level 7 in Fighting
 10959 | D:10     | Noticed a two-headed ogre
 10971 | D:10     | Reached **** piety under Makhleb
 10977 | D:10     | Killed a two-headed ogre
 11221 | D:10     | Found a staircase to the Orcish Mines.
 11746 | D:10     | Reached skill level 8 in Fighting
 11809 | D:10     | Noticed a two-headed ogre
 11816 | D:10     | Noticed a two-headed ogre
 11825 | D:10     | Killed a two-headed ogre
 11826 | D:10     | Reached XP level 12. HP: 75/88 MP: 0/0
 11837 | D:10     | Killed a two-headed ogre
 11912 | D:10     | Gained mutation: Your mind is acute. (Int +4, Str/Dex -1)
                  | [hidden potential]
 11912 | D:10     | Lost mutation: You have hidden genetic potential. [hidden
                  | potential expressed]
 12327 | D:10     | Killed Psyche
 12583 | D:11     | Reached skill level 9 in Fighting
 12907 | D:11     | Noticed Erica
 12917 | D:11     | Killed Erica
 12953 | D:12     | Noticed a two-headed ogre
 13083 | D:11     | Noticed Sonja
 13092 | D:11     | Killed Sonja
 13331 | D:11     | Noticed Gastronok
 13375 | D:11     | HP: 2/90 [Gastronok/the air (27)]
 13378 | D:11     | Killed Gastronok
 13664 | D:12     | Noticed a boulder beetle
 13961 | D:12     | Killed a boulder beetle
 13962 | D:12     | Reached skill level 10 in Fighting
 13965 | D:12     | Noticed Maurice
 14032 | D:11     | Killed a two-headed ogre
 14032 | D:11     | Reached ***** piety under Makhleb
 14179 | D:11     | Killed Maurice
 14180 | D:11     | Reached skill level 5 in Long Blades
 14240 | D:11     | Reached XP level 13. HP: 96/96 MP: 0/0
 14240 | D:11     | Learned a level 5 spell: Summon Mana Viper
 15217 | D:12     | Reached skill level 10 in Spellcasting
 15217 | D:12     | Reached skill level 10 in Conjurations
 15217 | D:12     | Reached skill level 10 in Hexes
 15217 | D:12     | Reached skill level 10 in Summonings
 15217 | D:12     | Reached skill level 10 in Necromancy
 15217 | D:12     | Reached skill level 10 in Translocations
 15217 | D:12     | Reached skill level 10 in Transmutations
 15217 | D:12     | Reached skill level 10 in Fire Magic
 15217 | D:12     | Reached skill level 10 in Ice Magic
 15217 | D:12     | Reached skill level 10 in Air Magic
 15217 | D:12     | Reached skill level 10 in Earth Magic
 15217 | D:12     | Reached skill level 10 in Poison Magic
 15595 | D:13     | Noticed Erolcha
 15687 | Lair:1   | Entered Level 1 of the Lair of Beasts
 15724 | Lair:1   | Noticed a five-headed hydra
 15818 | D:10     | Killed a four-headed hydra
 16231 | Lair:1   | Reached skill level 11 in Fighting
 17771 | Lair:2   | Noticed TheSexyCheese's ghost (journeyman GrFE)
 17798 | Lair:2   | Found a transporter.
 17802 | Lair:2   | Found a transporter.
 17803 | Lair:2   | Found a bloodstained altar of Trog.
 17829 | Lair:2   | Reached XP level 14. HP: 82/105 MP: 0/0
 18162 | Lair:3   | Found a staircase to the Snake Pit.
 18865 | Lair:2   | Identified the +2 falchion of the Valley {antimagic, Dex+2}
 19196 | Lair:2   | Killed TheSexyCheese's ghost
 19525 | Lair:5   | Entered Level 5 of the Lair of Beasts
 19670 | Lair:3   | Reached ****** piety under Makhleb
 19673 | Lair:3   | Reached skill level 12 in Fighting
 20756 | Lair:3   | Engulfed by a cloud of spectral mist

Illustrated notes

Levels and vault maps discovered:
D:1:      nzn_arrival_water_spiral, layout_rooms, serial_bayou_ford_a
D:2:      layout_rooms, hellmonk_ecumenical_altar_inner_sanctum
D:3:      layout_basic, uniq_natasha
D:4:      layout_cave_pools, makhleb_altar_promises_db,
          minmay_temple_entry_glassed_door, kennysheep_generic_room_6
D:5:      layout_basic, mainiacjoe_overflow_alcove_1
D:6:      layout_basic, minmay_three_doors
D:7:      layout_cave_pools, mainiacjoe_overflow_concentric_impassable,
          uniq_duvessa, uniq_pikel, uniq_prince_ribbit1
D:8:      layout_loops_ring, nicolae_qazlal_beasts_of_the_sky
D:9:      layout_basic, lemuel_round_altar, dancing_weapons_uskayaw
D:10:     nzn_winding_woodlands_three_and_one
          [nzn_winding_woodlands_5x15_sawtooth, nzn_winding_woodlands_5x15_eye,
          nzn_winding_woodlands_5x15_cabin,
          nzn_winding_woodlands_center_diamonds], layout_long_grid,
          erik_lair_orcish_takeover, hiddenorc1_lemuel, feat_on_display,
          uniq_psyche
D:11:     layout_long_grid, grunt_decor_arrowhead, uniq_gastronok, uniq_erica,
          uniq_sonja
D:12:     layout_big_octagon, serial_column_ruins, column_ruins_square_large,
          column_ruins_grid_1, column_ruins_columns_straight,
          column_ruins_columns_dead_end, column_ruins_open_tiny,
          column_ruins_open_medium, column_ruins_columns_corner,
          column_ruins_grid_1, uniq_maurice
D:13:     layout_irregular_city, uniq_josephine, uniq_erolcha
D:14:     layout_gridville, ximxim_vaults_locker_room, gauntlet_entry_generic,
          minivault_19, minmay_shattered_shrine
Temple:   minmay_temple_bridge_d
Lair:1:   lemuel_reptile_caves, layout_loops_ring, infiniplex_staircase_pool_2
Lair:2:   layout_cave_pods, gammafunk_ghost_wrathful_warriors,
          grunt_megastairs_4, infiniplex_staircase_pool, lemuel_fruit_fields
Lair:3:   layout_loops_ring, nicolae_swamp_entry_spooky, dummy_snake_entry,
          beast_lair_carwin_10, lemuel_fruit_fields
Lair:4:   layout_gridlike, minivault_11, pf_torpor_hydra
Lair:5:   minmay_lair_end_frog_pond, layout_cave_pods, dpeg_slime_entry_corner,
          serial_bayou_shore_a

Skill      XL: |  1  2  3  4  5  6  7  8  9 10 11 12 13 14 |
---------------+-------------------------------------------+-----
Spellcasting   | 4 5 6 8 9 10 | 10.9
Conjurations   | 4 5 6 8 9 10 | 10.9
Hexes          | 4 5 6 8 9 10 | 10.9
Summonings     | 4 5 6 8 9 10 | 10.9
Necromancy     | 4 5 6 8 9 10 | 10.9
Translocations | 4 5 6 8 9 10 | 10.9
Transmutations | 4 5 6 8 9 10 | 10.9
Fire Magic     | 4 5 6 8 9 10 | 10.9
Ice Magic      | 4 5 6 8 9 10 | 10.9
Air Magic      | 4 5 6 8 9 10 | 10.9
Earth Magic    | 4 5 6 8 9 10 | 10.9
Poison Magic   | 4 5 6 8 9 10 | 10.9
Stealth        | 2 3 4 5 6 |  6.8
Dodging        | 3 4 5 7 8 |  8.4
Short Blades   | 1 2 |  2.1
Fighting       | 1 2 4 5 8 10 11 12 | 12.1
Long Blades    | 1 2 3 4 5 6 7 |  7.3
Invocations    | 2 4 5 6 8 9 |  9.5
Armour         | 1 |  1.2
Unarmed Combat | |  0.2

Action                     |  1- 3 |  4- 6 |  7- 9 | 10-12 | 13-15 || total
---------------------------+-------+-------+-------+-------+-------++-------
  Melee: Unarmed           |     9 |       |       |       |       ||     9
         Short sword       |     9 |    49 |     5 |       |       ||    63
         Long sword        |       |       |    40 |    98 |       ||   138
         Punch             |       |       |     1 |     1 |     1 ||     3
         Scimitar          |       |       |       |    24 |   268 ||   292
   Cast: Foxfire           |    28 |    29 |    50 |    74 |    65 ||   246
         Scorch            |    11 |    18 |    46 |    83 |    69 ||   227
         Summon Small Mamm |       |    16 |    13 |    34 |    10 ||    73
         Inner Flame       |       |     3 |     6 |    29 |     7 ||    45
         Volatile Blastmot |       |       |    41 |    40 |    14 ||    95
         Poisonous Vapours |       |       |     5 |    33 |    10 ||    48
         Flame Wave        |       |       |     2 |     7 |    12 ||    21
         Blink             |       |       |     1 |     1 |     4 ||     6
         Gell's Gravitas   |       |       |       |    16 |    10 ||    26
         Lee's Rapid Decon |       |       |       |     6 |     9 ||    15
         Summon Mana Viper |       |       |       |       |     5 ||     5
 Invoke: Lesser Servant of |       |       |       |       |     1 ||     1
  Evoke: Wand              |       |       |       |     1 |     1 ||     2
    Use: Scroll            |       |     3 |     6 |     6 |     2 ||    17
         Potion            |       |       |     2 |     5 |     1 ||     8
   Stab: Sleeping          |     2 |     3 |     3 |     5 |     6 ||    19
         Distracted        |       |       |     1 |     1 |       ||     2
         Confused          |       |       |       |       |     1 ||     1
         Invisible         |       |       |       |       |     1 ||     1
 Armour: Robe              |     5 |    19 |    18 |     5 |       ||    47
         Leather armour    |       |       |       |    20 |    66 ||    86
  Dodge: Dodged            |    19 |    36 |    73 |   332 |   414 ||   874

Table legend: (Time is in decaauts)
 A = Elapsed time spent in this place.
 B = Non-inter-level travel time spent in this place.
 C = Inter-level travel time spent in this place.
 D = Time resting spent in this place.
 E = Time spent auto-exploring this place.
 F = Levels seen in this place.
 G = Mean time per level.
                   A        B        C        D        E       F      G
               +--------+--------+--------+--------+--------+-----+--------+
         Total |  20882 |  20520 |    362 |   4831 |   9671 |  20 | 1044.1 |
       Dungeon |  16040 |  15717 |    323 |   3967 |   7135 |  14 | 1145.7 |
        Temple |     59 |     59 |      0 |      0 |      0 |   1 |   59.0 |
          Lair |   4782 |   4743 |     39 |    864 |   2536 |   5 |  956.4 |
               +--------+--------+--------+--------+--------+-----+--------+

Top non-repeatable levels by time:
    D:10: 2482 daAuts
     D:6: 2200 daAuts
    D:11: 2029 daAuts
  Lair:2: 1847 daAuts
  Lair:1: 1839 daAuts
     D:5: 1562 daAuts
     D:9: 1445 daAuts
     D:3: 1299 daAuts
     D:8: 1088 daAuts
  Lair:3: 1015 daAuts
    D:12: 931 daAuts
     D:1: 760 daAuts
     D:4: 736 daAuts
     D:2: 698 daAuts
     D:7: 615 daAuts
